 Dungeon Crawl Stone Soup version 0.29.1-1-gd02db6906a (webtiles) character file.

Game seed: 2527244087620446626

32 Ashen the Firebug (level 3, 0/24 HPs)
             Began as a Demonspawn Fire Elementalist on Oct 12, 2022.
             Succumbed to an adder's poison
             ... on level 2 of the Dungeon.
             The game lasted 00:04:15 (617 turns).

Ashen the Firebug (Demonspawn Fire Elementalist)     Turns: 617, Time: 00:04:16

Health: 0/24       AC:  3    Str:  8    XL:     3   Next: 10%
Magic:  1/6        EV: 13    Int: 18    God:
Gold:   54         SH:  0    Dex: 13    Spells: 5/6 levels left

rFire   . . .      SeeInvis .   f - +0 scimitar
rCold   . . .      Faith    .   (no shield)
rNeg    . . .      Spirit   .   d - +0 leather armour
rPois   .          Reflect  .   (no helmet)
rElec   .          Harm     .   (no cloak)
rCorr   .          Rampage  .   (no gloves)
Will    .....                   (no boots)
Stlth   ++........              (no amulet)
HPRegen 0.08/turn               (no ring)
MPRegen 0.10/turn               (no ring)

@: brilliant, lethally poisoned (0 -> -1)
A: repulsion field 1
a: no special abilities


You were on level 2 of the Dungeon.
You visited 1 branch of the dungeon, and saw 2 of its levels.

You collected 54 gold pieces.

Inventory:

Hand Weapons
 f - a +0 scimitar (weapon)
Armour
 d - a +0 leather armour (worn)
Magical Staves
 b - a staff of cold
Scrolls
 a - a scroll of immolation {unknown}
 c - 4 scrolls of identify {unknown}


   Skills:
 + Level 2.1 Dodging
 + Level 2.2 Stealth
 + Level 2.3 Spellcasting
 + Level 1.5 Conjurations
 + Level 3.0 Fire Magic


You had 5 spell levels left.
You knew the following spells:

 Your Spells              Type           Power      Damage    Failure   Level
a - Foxfire               Conj/Fire      60%        2x1d7     10%         1

Your spell library contained the following spells:

 Spells                   Type           Power      Damage    Failure   Level
 Scorch                   Fire           38%        2d6       12%         2
 Conjure Flame            Conj/Fire      15%        6-21      30%         3
 Inner Flame              Hex/Fire       11%        N/A       38%         3
 Flame Wave               Conj/Fire      15%        2d7       69%         4


Dungeon Overview and Level Annotations

Branches:
Dungeon (2/15)

Altars:


Innate Abilities, Weirdness & Mutations

You are surrounded by a mild repulsion field. (EV +2)


Message History

You are no longer poisoned.
You are too injured to fight recklessly!
You are too injured to fight recklessly!
Casting: Foxfire (safe; 10% risk of failure)
Confirm with . or Enter, or press ? or * to list all spells.
You conjure some foxfire!
The adder barely misses you. x2
Your foxfire dissipates!
The adder attacks as you move away! The adder closely misses you.
The adder attacks as you move away! The adder bites you.
You are poisoned.
The adder poisons you!
* * * LOW HITPOINT WARNING * * *
You feel sick. The adder barely misses you.
It was a potion of brilliance.
You feel clever all of a sudden.
You feel sick. The adder completely misses you.
You feel sick.
Casting: Foxfire (safe; 10% risk of failure)
Confirm with . or Enter, or press ? or * to list all spells.
You feel a surge of power!
You conjure some foxfire!
You feel sick. The adder misses you. The adder bites you.
* * * LOW HITPOINT WARNING * * *
Unknown command.
Casting: Foxfire (safe; 10% risk of failure)
Confirm with . or Enter, or press ? or * to list all spells.
You feel a surge of power!
You conjure some foxfire!
* * * LOW HITPOINT WARNING * * *
You feel sick.
The foxfire hits the adder.
The adder is heavily wounded.
The adder misses you.
Your foxfire dissipates!
* * * LOW HITPOINT WARNING * * *
You feel sick.
The foxfire hits the adder.
The adder is heavily wounded.
The foxfire hits the adder but does no damage.
The adder is heavily wounded.
Casting: Foxfire (safe; 10% risk of failure)
Confirm with . or Enter, or press ? or * to list all spells.
You feel a surge of power!
You conjure some foxfire!
You die...

##################
.................#
###...########...########
##..#....#.#.#..#........
...###...........########
##..#..#.##.##....#.#########
......#..#...#.....#.........
####..##........v.#.#.######
......#..#"..#..@ยง##.#....#
.####.##.##.##..vS#.#.###.#
.# #.#............#.## #.# .#
#.#).#........#.## #.# .#
#.##########.##.# #.# .# #.#
#....# #.# .# #.# ###### #.#
.# #.# #.# [# #.#


You could see an adder (ally target).

Vanquished Creatures
  2 adders (D:2)
  A dart slug (D:1)
  An endoplasm (D:2)
  A giant cockroach (D:2)
  A kobold (D:2)
  2 quokkas
  2 ball pythons
  A bat (D:2)
  2 frilled lizards (D:2)
  A rat (D:2)
  2 toadstools (D:1)
16 creatures vanquished.

Vanquished Creatures (others)
  46 foxfires
  2 toadstools (D:1)
48 creatures vanquished.

Grand Total: 64 creatures vanquished

Notes
Turn   | Place    | Note
-------+----------+-------------------------------------------
     0 | D:1      | Ashen the Demonspawn Fire Elementalist began the quest for
                  | the Orb.
     0 | D:1      | Reached XP level 1. HP: 13/13 MP: 3/3
    73 | D:1      | You fall into a shaft and drop 1 floor!
   191 | D:2      | Gained mutation: You are surrounded by a mild repulsion
                  | field. (EV +2) [demonic ancestry]
   191 | D:2      | Reached XP level 2. HP: 19/19 MP: 1/5
   407 | D:2      | Reached XP level 3. HP: 24/24 MP: 2/6
   468 | D:2      | Reached skill level 3 in Fire Magic
   616 | D:2      | HP: 1/24 [poisoned by an adder]
   617 | D:2      | Succumbed to an adder's poison

Illustrated notes

Levels and vault maps discovered:
D:1:      ldierk_water_garden, layout_basic, chequers_ecumenical_altar_simple
D:2:      layout_loops_ring, basic_altar, minmay_tromino_v4_b

Skill      XL: |  1  2  3 |
---------------+----------+-----
Dodging        | 2 |  2.1
Stealth        | 2 |  2.2
Fire Magic     | 3 |  3.0
Spellcasting   | |  2.3
Conjurations   | |  1.5

Action                   || total
-------------------------++-------
Melee: Unarmed           ||    15
       Scimitar          ||    11
 Cast: Foxfire           ||    31
  Use: Potion            ||     2
 Stab: Sleeping          ||     1
Armor: Leather armour    ||     5
Dodge: Dodged            ||    28
